Map: Pillars of Gold LE

Players

goblin

  • Race: Protoss Protoss
  • League: Master
  • Spawn Location: 1:00

Astrea - Winner!

  • Race: Protoss Protoss
  • League: Master
  • Spawn Location: 7:00

Event: Cheeseadelphia Winter Championship 2021

VOD

Have the link to the VOD?

Description

Time

  • Played on: Jan. 23, 2021, 1:33 p.m.
  • Length: 10:24

All games in this series

Show
View Real Time Build Order
Export as new Build Order

goblin Protoss 

Build Orders: Proxy Void Ray 

Get SALT Encoding   

  12  0:10  Pylon  
  12  0:13  Probe  
  13  0:29  Gateway  
  13  0:31  Probe (Chrono Boost)  
  14  0:41  Probe (Chrono Boost)  
  14  0:42  Assimilator  
  15  0:46  Probe (Chrono Boost)  
  16  0:52  Assimilator  
  16  0:57  Probe  
  17  1:10  Probe  
  18  1:16  Cybernetics Core  
  18  1:22  Probe  
  19  1:26  Pylon  
  19  1:34  Probe  
  20  1:46  Probe  
  21  1:52  Stargate  
  21  1:54  Shield Battery  
  21  1:58  Probe  
  22  2:08  Shield Battery  
  22  2:14  Pylon  
  22  2:22  Shield Battery  
  22  2:24  Pylon  
  22  2:27  Shield Battery, Void Ray (Chrono Boost)  
  26  2:44  Shield Battery  
  26  2:51  Shield Battery  
  29  3:06  Pylon  
  29  3:12  Void Ray (Chrono Boost)  
  29  3:13  Pylon  
  29  3:21  Pylon  
  25  3:28  Pylon  
  28  4:14  Warp Gate, Robotics Facility  
  28  4:16  Stalker  
  22  4:23  Shield Battery  
  21  4:26  Pylon  
  21  4:39  Probe (Chrono Boost)  
  22  4:46  Pylon  
  22  4:48  Stalker  
  22  4:49  Probe (Chrono Boost)  
  25  4:54  Probe (Chrono Boost)  
  26  5:02  Immortal (Chrono Boost)  
  29  5:17  Gateway  
  29  5:19  Gateway  
  29  5:26  Gateway  
  29  5:42  Warp Prism  
  31  5:54  Pylon  
  31  6:05  Stalker  
  33  6:15  Stalker x2  
  37  6:24  Sentry  
  39  6:39  Sentry  
  41  6:40  Sentry, Stalker  
  41  6:45  Stalker  
  47  6:52  Pylon  
  47  7:11  Pylon  
  47  7:15  Sentry x2  
  49  7:19  Adept x2  
  49  7:43  Zealot x4  
  45  8:04  Sentry x2  
  49  8:08  Sentry, Zealot  
  53  8:25  Colossus  
  53  8:31  Zealot x3  
  53  8:32  Sentry  
  61  8:37  Immortal  
  61  8:41  Immortal  
  61  8:42  Pylon  
  61  8:53  Sentry  
  63  9:06  Sentry, Zealot x2  
  63  9:40  Stalker x3  
  55  9:51  Stalker  
Show
View Real Time Build Order
Export as new Build Order

Astrea Protoss - Winner!

Build Orders: 1 Gate Expand 

Get SALT Encoding   

  12  0:00  Probe  
  13  0:12  Probe  
  14  0:18  Pylon  
  14  0:24  Probe (Chrono Boost)  
  15  0:37  Probe (Chrono Boost)  
  15  0:40  Gateway  
  16  0:45  Probe (Chrono Boost)  
  16  0:48  Assimilator  
  17  0:51  Probe  
  18  1:03  Probe  
  19  1:15  Probe  
  20  1:25  Nexus  
  20  1:35  Cybernetics Core  
  20  1:38  Probe  
  21  1:47  Pylon  
  21  1:51  Zealot (Chrono Boost)  
  24  2:09  Pylon  
  24  2:12  Stalker (Chrono Boost)  
  25  2:19  Warp Gate  
  25  2:33  Stalker (Chrono Boost)  
  27  2:49  Shield Battery  
  27  2:57  Stalker (Chrono Boost)  
  28  3:11  Shield Battery  
  25  3:30  Stalker (Chrono Boost)  
  27  3:38  Shield Battery  
  27  3:51  Probe x2  
  29  4:06  Shield Battery  
  29  4:09  Stalker  
  29  4:10  Probe  
  29  4:14  Probe (Chrono Boost)  
  29  4:23  Probe (Chrono Boost)  
  30  4:26  Probe (Chrono Boost)  
  30  4:30  Sentry  
  33  4:33  Probe (Chrono Boost)  
  33  4:34  Probe (Chrono Boost)  
  33  4:38  Probe (Chrono Boost)  
  35  4:40  Probe  
  37  4:50  Gateway, Probe  
  38  4:53  Probe  
  38  4:58  Robotics Facility  
  38  4:59  Assimilator  
  39  5:03  Gateway  
  39  5:08  Probe (Chrono Boost)  
  39  5:10  Sentry  
  39  5:12  Probe (Chrono Boost)  
  43  5:14  Shield Battery  
  43  5:20  Probe (Chrono Boost)  
  45  5:23  Pylon, Probe (Chrono Boost)  
  45  5:24  Probe (Chrono Boost)  
  46  5:32  Probe  
  46  5:35  Probe  
  48  5:39  Sentry  
  50  5:44  Probe  
  50  5:47  Probe  
  50  5:49  Warp Prism (Chrono Boost)  
  52  5:54  Gateway  
  52  5:56  Shield Battery  
  54  5:59  Pylon  
  54  6:03  Pylon  
  54  6:15  Immortal (Chrono Boost)  
  58  6:19  Stalker x2  
  58  6:25  Assimilator  
  62  6:28  Pylon  
  62  6:43  Zealot x2, Immortal (Chrono Boost)  
  70  6:50  Pylon x2  
  70  6:58  Stalker  
  72  7:05  Stalker x2  
  76  7:15  Immortal (Chrono Boost)  
  80  7:28  Stalker x3  
  84  7:43  Cybernetics Core  
  82  7:45  Gateway  
  82  7:48  Gateway  
  82  7:55  Zealot x2  
  82  7:56  Immortal (Chrono Boost)  
  82  8:12  Probe x2  
  84  8:25  Immortal (Chrono Boost)  
  84  8:26  Assimilator  
  88  8:27  Zealot x2  
  88  8:30  Pylon  
  88  8:32  Pylon  
  88  8:33  Pylon  
  92  8:39  Stargate  
  92  8:57  Stalker x4  
  100  9:09  Observer (Chrono Boost)  
  101  9:14  Pylon  
  101  9:15  Pylon  
  101  9:29  Phoenix  
  101  9:30  Stalker x4  
  85  9:46  Probe x2  
  85  9:53  Zealot x3  
  85  9:54  Phoenix  
Tags
 
Add a new tag
Caveats
  • Supply blocks, unpowered buildings, or Contaminate may cause inaccurate times.
  • Supply counts are checked every 10 seconds.